[Event "*** Titled Tuesday Blitz"]
[Site "Chess.com"]
[Date "2021.03.16"]
[Round "2"]
[White "PavelChernomordik"]
[Black "gxbg2000"]
[Result "1-0"]
[WhiteElo "2404"]
[BlackElo "1960"]
[TimeControl "180+1"]
[EndTime "10:16:23 PDT"]
[Termination "PavelChernomordik won by resignation"]

1. e4 e5 2. Nf3 Nc6 3. Bc4 Be7 4. d4 exd4 5. Nxd4 d6 6. O-O Nf6 7. Nc3 O-O 8. h3 Nxd4 9. Qxd4 a6 10. a4 Bd7 11. Bf4 Bc6 12. Rfe1 Qd7 13. Rad1 Rad8 14. e5 dxe5 15. Qxe5 Bd6 16. Qg5 h6 17. Qh4 Qf5 18. Bxd6 Rxd6 19. Rxd6 cxd6 20. Bd3 Qg5 21. Qxg5 hxg5 22.
a5 g4 23. hxg4 Nxg4 24. f4 g6 25. Re7 Rd8 26. g3 Kf8 27. Rc7 Ra8 28. Bc4 Nh6 29. Kf2 Ke8 30. Bd5 Kd8 31. Rxc6 bxc6 32. Bxc6 Rb8 33. b3 Kc7 34. Bf3 Kd7 35. Nd5 Ke6 36.
Nc7+ Kf5 37. Nxa6 Ra8 38. Bxa8 1-0

[Event "*** Titled Tuesday Blitz"]
[Site "Chess.com"]
[Date "2021.03.16"]
[Round "2"]
[White "Tekushka"]
[Black "Soltan49"]
[Result "0-1"]
[WhiteElo "2429"]
[BlackElo "2211"]
[TimeControl "180+1"]
[EndTime "10:16:24 PDT"]
[Termination "Soltan49 won on time"]

1. e4 e5 2. Nf3 d6 3. d4 exd4 4. Nxd4 Nc6 5. Nc3 Nf6 6. g3 Bg4 7. f3 Nxd4 8. fxg4 Nc6 9. Bb5 Be7 10. Bf4 O-O 11. g5 Nd7 12. Bxc6 bxc6 13. Qd2 Ne5 14. O-O-O Nf3 15. Qe3 Nxg5 16. e5 Ne6 17. exd6 cxd6 18. Rhe1 Re8 19. Qd2 Nxf4 20. gxf4 d5 21. Kb1 Rb8 22.
Ne2 Bf6 23. c3 Qd7 24. Ng3 Rxe1 25. Rxe1 d4 26. Rd1 c5 27. c4 d3 28. b3 Qd4 0-1

[Event "*** Titled Tuesday Blitz"]
[Site "Chess.com"]
[Date "2021.03.16"]
[Round "2"]
[White "Pinkito"]
[Black "politeplayer"]
[Result "1-0"]
[WhiteElo "2471"]
[BlackElo "2227"]
[TimeControl "180+1"]
[EndTime "10:16:25 PDT"]
[Termination "Pinkito won by resignation"]

1. d4 d6 2. c4 g6 3. Nc3 Bg7 4. e4 c5 5. d5 e6 6. dxe6 Bxe6 7. Nf3 Nc6 8. h3 Nge7 9. Bf4 Ne5 10. Nxe5 dxe5 11.
Qxd8+ Rxd8 12. Be3 b6 13. Nd5 Nc6 14. Be2 Bxd5 15.
cxd5 Nd4 16. Bxd4 exd4 17. Bb5+ Ke7 18. Kd2 f5 19. Rhe1 f4 20. Bc4 Be5 21. a4 a5 22.
Ra3 Rd6 23. g4 g5 24. Rb3 h6 25. Ke2 Rh7 26. Kf3 Rg7 27. Rh1 Kd8 28. h4 gxh4 29. Rxh4 Rdg6 30. Rd3 Kc7 31. Rd1 Bf6 32. Rh5 Bg5 33. e5 Rd7 34. Re1 Rgg7 35. d6+ Kb8 36. Bb5 Rd8 37. Ke4 Rf7 38. Kd5 f3 39. Rxg5 hxg5 40.
e6 Rf4 41. e7 Rh8 42. e8=Q+ Rxe8 43. Rxe8+ Ka7 44. Bc6 1-0

[Event "*** Titled Tuesday Blitz"]
[Site "Chess.com"]
[Date "2021.03.16"]
[Round "2"]
[White "tptagain"]
[Black "lagedema"]
[Result "1-0"]
[WhiteElo "2875"]
[BlackElo "2467"]
[TimeControl "180+1"]
[EndTime "10:16:26 PDT"]
[Termination "tptagain won by resignation"]

1. Nf3 d5 2. b3 Bg4 3. Bb2 Bxf3 4. exf3 c6 5. f4 Nf6 6. g3 g6 7. Bg2 Bg7 8. O-O O-O 9. d4 a5 10. c4 a4 11. Nd2 Na6 12. bxa4 Nc7 13. Qb3 Qb8 14.
Bc3 dxc4 15. Nxc4 Nfd5 16. Bb2 Qa7 17. a5 Bxd4 18. Bxd4 Qxd4 19. Rfd1 Qa7 20. Rab1 Rab8 21. h4 Rfd8 22. h5 Qc5 23. a4 Ne6 24. Bxd5 Rxd5 25.
Rxd5 cxd5 26. Ne5 Nd4 27. Qd3 Nf5 28. Nd7 1-0

[Event "*** Titled Tuesday Blitz"]
[Site "Chess.com"]
[Date "2021.03.16"]
[Round "2"]
[White "Hangar-18"]
[Black "Susal_De_Silva"]
[Result "0-1"]
[WhiteElo "2352"]
[BlackElo "2627"]
[TimeControl "180+1"]
[EndTime "10:16:27 PDT"]
[Termination "Susal_De_Silva won on time"]

1. d4 Nf6 2. c4 e6 3. g3 d5 4.
Bg2 c6 5. Nf3 Be7 6. Qc2 O-O 7.
O-O b6 8. Rd1 Bb7 9. Nbd2 Na6 10. e4 Rc8 11. b3 c5 12. exd5 cxd4 13. Nxd4 Nxd5 14. Bb2 Ndb4 15. Qc3 Bxg2 16. Kxg2 Bf6 17. Ne4 Be5 18. f4 Nd5 19. Qf3 Bxd4 20. Rxd4 f5 21. Ng5 Qe7 22. Rxd5 exd5 23. Qxd5+ Kh8 24. Ne6 Nc7 0-1

[Event "*** Titled Tuesday Blitz"]
[Site "Chess.com"]
[Date "2021.03.16"]
[Round "2"]
[White "chesslh19"]
[Black "rynos0411"]
[Result "0-1"]
[WhiteElo "2262"]
[BlackElo "2484"]
[TimeControl "180+1"]
[EndTime "10:16:27 PDT"]
[Termination "rynos0411 won on time"]

1. e4 c6 2. d4 d5 3. Nd2 dxe4 4. Nxe4 g6 5. Nf3 Bg7 6. c3 Nf6 7. Nxf6+ exf6 8. Bd3 O-O 9. O-O Nd7 10. Re1 Re8 11. Bd2 Nf8 12. Rxe8 Qxe8 13. Qe2 Qd8 14. Re1 Be6 15.
Qd1 a5 16. b3 a4 17. Qc2 Qb6 18. Rb1 axb3 19. axb3 Nd7 20. Be3 Qc7 21. h3 f5 22.
Qd2 c5 23. dxc5 Nxc5 24. Bc2 Rd8 25. Qe2 Ne4 26. Bxe4 fxe4 27. Nd4 Qxc3 28. Nxe6 fxe6 29. Rd1 Rxd1+ 30. Qxd1 Qd3 31. Qxd3 exd3 32. Kf1 Bc3 33. f3 Kf7 34. Bf4 Kf6 35. Kf2 Kf5 36. Bh6 Bd4+ 37. Ke1 Bc3+ 38. Kd1 Ke5 39. Be3 Kd5 40. g3 h5 41. g4 hxg4 42. fxg4 Ke4 43. Bc1 Kf3 44. b4 Bxb4 0-1

[Event "*** Titled Tuesday Blitz"]
[Site "Chess.com"]
[Date "2021.03.16"]
[Round "2"]
[White "SilviusTiberius"]
[Black "XDPS"]
[Result "1/2-1/2"]
[WhiteElo "2544"]
[BlackElo "2802"]
[TimeControl "180+1"]
[EndTime "10:16:29 PDT"]
[Termination "Game drawn by repetition"]

1. e4 e5 2. Nf3 Nc6 3. Bb5 a6 4. Ba4 d6 5. O-O Bd7 6. d4 Nxd4 7. Bxd7+ Qxd7 8. Nxd4 exd4 9. Qxd4 Nf6 10. Nc3 Be7 11.
Re1 O-O 12. Bg5 h6 13. Bh4 Qg4 14. Bg3 Rfe8 15. Rad1 Rad8 16. f3 Qc8 17. Bh4 c6 18.
Rd2 b5 19. Red1 Qb7 20. Qf2 b4 21. Ne2 d5 22. exd5 Nxd5 23. Bxe7 Qxe7 24. Nd4 Qf6 25. g3 Ne3 26. Re1 Nc4 27. Rxe8+ Rxe8 28. Re2 Rxe2 29. Nxe2 Qxb2 30. Qc5 Qxc2 31. Qxc6 Qxe2 32. Qc8+ Kh7 33. Qf5+ Kh8 34. Qc8+ Kh7 35. Qf5+ g6 36. Qxf7+ Kh8 37. Qf8+ Kh7 38. Qf7+ Kh8 39. Qf8+ Kh7 40. Qf7+ 1/2-1/2

[Event "*** Titled Tuesday Blitz"]
[Site "Chess.com"]
[Date "2021.03.16"]
[Round "2"]
[White "Das_Virus_2020"]
[Black "barbara25"]
[Result "1/2-1/2"]
[WhiteElo "2466"]
[BlackElo "2235"]
[TimeControl "180+1"]
[EndTime "10:16:31 PDT"]
[Termination "Game drawn by repetition"]

1. e4 c5 2. c3 d5 3. exd5 Qxd5 4. d4 cxd4 5. cxd4 e6 6. Nf3 Nf6 7. Be2 Bb4+ 8. Nc3 O-O 9. O-O Bxc3 10. bxc3 Qd8 11.
Ne5 Nbd7 12. Bf3 Nxe5 13. dxe5 Nd5 14. c4 Nb6 15. Qb3 Qc7 16. Ba3 Rd8 17. Bd6 Qxc4 18.
Rac1 Qxb3 19. axb3 Nd5 20. Rfd1 Bd7 21. Bxd5 exd5 22.
Rxd5 Be6 23. Rb5 b6 24. h3 Rdc8 25. Rxc8+ Rxc8 26. Rb4 h6 27. Rd4 a5 28. b4 a4 29. b5 Bb3 30. Kh2 Rc2 31. Kg3 Rc3+ 32. f3 Bc2 33. Be7 Rb3 34. Rc4 Bd1 35. Rxa4 Rxf3+ 36. gxf3 Bxa4 37. Bd8 Bxb5 38. Bxb6 Bc4 39. Kf4 Kh7 40. h4 Kg6 41. Bd8 Kh5 42. Be7 Be6 43.
Bd8 Kg6 44. Be7 Kh5 45. Bd8 Kg6 46. Be7 Kh5 1/2-1/2

[Event "*** Titled Tuesday Blitz"]
[Site "Chess.com"]
[Date "2021.03.16"]
[Round "2"]
[White "Volodar_Murzin"]
[Black "The_filthy"]
[Result "1-0"]
[WhiteElo "2669"]
[BlackElo "2301"]
[TimeControl "180+1"]
[EndTime "10:16:36 PDT"]
[Termination "Volodar_Murzin won by resignation"]

1. e4 e6 2. d4 d5 3. Nc3 Nf6 4.
e5 Nfd7 5. Nce2 c5 6. c3 Nc6 7.
f4 Qb6 8. Nf3 Be7 9. g3 f6 10.
Bh3 Ndb8 11. O-O O-O 12. a3 c4 13. Kh1 f5 14. g4 g6 15. gxf5 exf5 16. Rg1 Be6 17. Ng5 Bxg5 18. fxg5 Na5 19. Nf4 Nb3 20. Rb1 Nd7 21. Bg2 Qc6 22. Be3 Nb6 23. h4 Rf7 24. Bf3 Rd8 25. h5 Rg7 26. hxg6 hxg6 27. Kg2 Qd7 28.
Rh1 Nc8 29. Rh6 Ne7 30. Qh1 Kf7 31. Kf2 Rdg8 32. Qh2 b5 33. Rh1 a5 34. Rh7 b4 35.
Rxg7+ Rxg7 36. Qh8 bxc3 37. bxc3 Qa4 38. Nxe6 Kxe6 39.
Qxg7 1-0

[Event "*** Titled Tuesday Blitz"]
[Site "Chess.com"]
[Date "2021.03.16"]
[Round "2"]
[White "abeljusto"]
[Black "Storne89"]
[Result "0-1"]
[WhiteElo "2194"]
[BlackElo "2635"]
[TimeControl "180+1"]
[EndTime "10:16:37 PDT"]
[Termination "Storne89 won by resignation"]

1. d4 Nf6 2. Bf4 e6 3. e3 d5 4. Nf3 Bd6 5. Bg3 O-O 6. Nbd2 c5 7. c3 b6 8. Bd3 Ba6 9. Bxa6 Nxa6 10. Ne5 Nb8 11.
O-O Qc7 12. f4 Nc6 13. Bh4 Nd7 14. Ndf3 f6 15. Nxc6 Qxc6 16. Bg3 Rf7 17. Qd3 Nf8 18. Rae1 Ng6 19. f5 exf5 20. Bxd6 Qxd6 21. Qxf5 Re8 22. e4 cxd4 23. Nxd4 Rfe7 24. Nf3 dxe4 25. Nd4 Re5 26. Qh3 Qd5 27. a3 Rg5 28. Re2 Ne5 29. Nf5 Nd3 30. Ne3 Qe6 31. Qxe6+ Rxe6 32. b3 Rc5 33. c4 g6 34. Nd5 f5 35. Rd1 Kf7 36. Rc2 b5 37. b4 Rxc4 38. Rxc4 bxc4 0-1

[Event "*** Titled Tuesday Blitz"]
[Site "Chess.com"]
[Date "2021.03.16"]
[Round "2"]
[White "I_Enchev"]
[Black "PaulfromSPb"]
[Result "0-1"]
[WhiteElo "2539"]
[BlackElo "2814"]
[TimeControl "180+1"]
[EndTime "10:16:39 PDT"]
[Termination "PaulfromSPb won by resignation"]

1. d4 Nf6 2. c4 e6 3. Nf3 b6 4. g3 Ba6 5. Nbd2 c5 6. dxc5 Bxc5 7.
Bg2 Bb7 8. O-O O-O 9. b3 d5 10. cxd5 exd5 11. Bb2 Nc6 12. a3 a5 13. Ne1 Re8 14. Nd3 Bd4 15. Bxd4 Nxd4 16. e3 Nb5 17. Nf3 Rc8 18. Nf4 Ba6 19. Re1 Nc3 20. Qd4 Nfe4 21. h4 h6 22. h5 Rc5 23. Nd2 Nd6 24. Nb1 Nce4 25. Bxe4 Rxe4 26. Qd2 d4 27. exd4 Rc2 28. Qd1 Rxe1+ 29. Qxe1 Nf5 30. Nc3 Nxg3 31. Rc1 Rb2 32. Ncd5 Qh4 33. Qe8+ Kh7 34. Nf6+ Qxf6 35. fxg3 Qxd4+ 36. Kh1 Bb7+ 0-1

[Event "*** Titled Tuesday Blitz"]
[Site "Chess.com"]
[Date "2021.03.16"]
[Round "2"]
[White "bait_or_mate"]
[Black "Evgeny81"]
[Result "0-1"]
[WhiteElo "2498"]
[BlackElo "2757"]
[TimeControl "180+1"]
[EndTime "10:16:39 PDT"]
[Termination "Evgeny81 won by checkmate"]

1. d4 Nf6 2. c4 c5 3. Nf3 cxd4 4. Nxd4 e5 5. Nb5 d5 6. cxd5 Bc5 7. N1c3 O-O 8. g3 Ng4 9. e3 f5 10. Bg2 a6 11.
Na3 e4 12. O-O Qg5 13. Nc2 Nd7 14. b4 Bd6 15. Bb2 Nde5 16. h3 Nxf2 17. Rxf2 Nd3 18. Nxe4 fxe4 19. Rxf8+ Kxf8 20. Bd4 Qxg3 21. Qh5 Qh2+ 22.
Kf1 Bd7 23. Ne1 Bb5 24. Qg4 Ne5+ 25. Kf2 Nxg4+ 26. hxg4 Bg3# 0-1

[Event "*** Titled Tuesday Blitz"]
[Site "Chess.com"]
[Date "2021.03.16"]
[Round "2"]
[White "Ranindu2003"]
[Black "DrMamaliga"]
[Result "1-0"]
[WhiteElo "2602"]
[BlackElo "2335"]
[TimeControl "180+1"]
[EndTime "10:16:39 PDT"]
[Termination "Ranindu2003 won by checkmate"]

1. e4 e5 2. Nf3 Nc6 3. Bc4 Bc5 4. c3 Nf6 5. d3 a6 6. Bb3 Ba7 7. h3 d6 8. Nbd2 h6 9. Nf1 g5 10. Ng3 Qe7 11. Nh2 Be6 12. Qf3 O-O-O 13. Ng4 Nxg4 14.
hxg4 Bxb3 15. axb3 d5 16. exd5 Nb8 17. Nf5 Qf6 18. Be3 Bxe3 19. fxe3 e4 20. dxe4 Nd7 21. O-O-O Ne5 22. Qe2 Qb6 23. Kc2 Rhe8 24. Rd4 f6 25.
Rhd1 c5 26. dxc6 Nxc6 27. Nd6+ Rxd6 28. Rxd6 Rxe4 29. R1d3 Qc5 30. Kb1 f5 31. gxf5 Qxf5 32. Qf3 Qe5 33. Qf8+ Kc7 34. Rd7+ Kb6 35. R3d5 Qg3 36.
Qc5# 1-0

[Event "*** Titled Tuesday Blitz"]
[Site "Chess.com"]
[Date "2021.03.16"]
[Round "2"]
[White "Natalya_Buksa"]
[Black "CraiggoryC"]
[Result "1-0"]
[WhiteElo "2501"]
[BlackElo "2286"]
[TimeControl "180+1"]
[EndTime "10:16:39 PDT"]
[Termination "Natalya_Buksa won on time"]

1. d4 Nf6 2. Nc3 g6 3. e4 d6 4. Bg5 Bg7 5. e5 Nfd7 6. f4 c5 7. exd6 cxd4 8. Nb5 Qa5+ 9. Qd2 Qxd2+ 10. Kxd2 Na6 11.
Bxe7 Nf6 12. Bd3 Nd5 13. Nf3 Nxe7 14. Rhe1 Be6 15. dxe7 Kxe7 16. Nbxd4 Nc5 17. Nxe6 Nxe6 18. c3 Rhd8 19. Ng5 Rd6 20. Nxe6 Rxe6 21. Rxe6+ Kxe6 22. Re1+ Kd6 23. f5 Bh6+ 24. Kc2 Rd8 25. Be4 b6 26.
Rd1+ Kc7 27. Bd3 Rd6 28. Rf1 Rf6 29. Rf3 g5 30. Rh3 Kd6 31. Re3 Kd7 32. a4 Kc7 33. Re7+ Kb8 34. Kb3 g4 35. Kc4 Bf4 36.
Kb5 Bxh2 37. Ka6 Bd6 38. Rb7+ Kc8 39. Kxa7 1-0

[Event "*** Titled Tuesday Blitz"]
[Site "Chess.com"]
[Date "2021.03.16"]
[Round "2"]
[White "Matols"]
[Black "Chigorinetz"]
[Result "0-1"]
[WhiteElo "2275"]
[BlackElo "2496"]
[TimeControl "180+1"]
[EndTime "10:16:39 PDT"]
[Termination "Chigorinetz won by resignation"]

1. d4 d5 2. c4 Nc6 3. Nc3 dxc4 4. Nf3 Nf6 5. e4 Bg4 6. d5 Ne5 7. Be2 Bxf3 8. gxf3 e6 9. Bf4 Bd6 10. dxe6 Nxf3+ 11. Bxf3 Bxf4 12. exf7+ Kxf7 13. Qc2 Qd3 14. Qxd3 cxd3 15.
Rd1 Rad8 16. Nd5 Nxd5 17. exd5 Rhe8+ 18. Kf1 d2 19. h4 Rd6 20. h5 Rb6 21. b3 Ra6 22. d6 cxd6 23. Bxb7 Rxa2 24. Bd5+ Kf6 25. Rh3 Re5 26. Bc4 Rc2 27. Rf3 Kg5 28. h6 gxh6 29.
Be2 h5 30. Rd3 h4 31. b4 Rc1 32. Rxd6 Rxd1+ 0-1

[Event "*** Titled Tuesday Blitz"]
[Site "Chess.com"]
[Date "2021.03.16"]
[Round "2"]
[White "eljanov"]
[Black "Unknown_IM"]
[Result "1-0"]
[WhiteElo "2867"]
[BlackElo "2397"]
[TimeControl "180+1"]
[EndTime "10:16:40 PDT"]
[Termination "eljanov won by resignation"]

1. Nf3 d5 2. g3 Nc6 3. d4 Bg4 4. Bg2 Qd7 5. O-O O-O-O 6. c4 dxc4 7. Qa4 Kb8 8. Qxc4 Bxf3 9. Bxf3 Nxd4 10. Nc3 e5 11. Be3 Nxf3+ 12. exf3 Nf6 13. Rfd1 Bd6 14. Nb5 a6 15. a4 Qf5 16. Rxd6 axb5 17. Rxd8+ Rxd8 18. axb5 Qxf3 19. Qa4 b6 20. Bxb6 Qb7 21. Ba7+ Kc8 22.
Bc5 Rd5 23. Rc1 Nd7 24. b4 Kb8 25. Qa2 Nf6 26. Be3 Qxb5 27. Qa7+ 1-0

[Event "*** Titled Tuesday Blitz"]
[Site "Chess.com"]
[Date "2021.03.16"]
[Round "2"]
[White "DinaBelenkaya"]
[Black "Margency"]
[Result "0-1"]
[WhiteElo "2383"]
[BlackElo "2715"]
[TimeControl "180+1"]
[EndTime "10:16:45 PDT"]
[Termination "Margency won by resignation"]

1. e4 c5 2. Nc3 d6 3. g3 Nc6 4.
Bg2 g6 5. d3 Bg7 6. Be3 e6 7. Qd2 Qa5 8. Nge2 Nd4 9. O-O h5 10.
a3 Ne7 11. b4 Qc7 12. bxc5 dxc5 13. Bxd4 cxd4 14. Nb5 Qd8 15. Qb4 Nc6 16. Nd6+ Kf8 17.
Qc5 Kg8 18. e5 Nxe5 19. Nxd4 b6 20. Qb4 a5 21. Qc3 Rb8 22. N6b5 Kh7 23. f4 Ng4 24. Rfe1 Ba6 25. h3 Bxb5 26. Qb3 Qxd4+ 27. Kh1 Ba4 28.
Qa2 Nh6 29. Be4 Rbc8 30. Rab1 Rxc2 31. Qa1 Qf2 0-1

[Event "*** Titled Tuesday Blitz"]
[Site "Chess.com"]
[Date "2021.03.16"]
[Round "2"]
[White "boasovietica"]
[Black "youngKID"]
[Result "0-1"]
[WhiteElo "2464"]
[BlackElo "2783"]
[TimeControl "180+1"]
[EndTime "10:16:47 PDT"]
[Termination "youngKID won on time"]

1. e4 c5 2. Nf3 Nc6 3. Nc3 e6 4. g3 Nf6 5. Bg2 d5 6. O-O d4 7. e5 Nd7 8. Ne4 Ndxe5 9. Nxe5 Nxe5 10. f4 Nc6 11. d3 Be7 12. h4 O-O 13. Ng5 h6 14.
Qh5 hxg5 15. hxg5 g6 16. Qh4 Re8 17. Kf2 Bf8 18. Rh1 Bg7 19. Bd2 e5 20. Rh2 exf4 21. Bxf4 Ne5 22. Bxe5 Rxe5 23. Qh7+ Kf8 24. Rf1 Qxg5 25.
Kg1 Be6 26. Be4 Qxg3+ 27. Rg2 Qe3+ 28. Rff2 Rg5 29. Bxg6 Rxg2+ 30. Kxg2 Bd5+ 0-1

[Event "*** Titled Tuesday Blitz"]
[Site "Chess.com"]
[Date "2021.03.16"]
[Round "2"]
[White "Kotofeyca"]
[Black "nurgyulsalimova"]
[Result "0-1"]
[WhiteElo "2353"]
[BlackElo "2633"]
[TimeControl "180+1"]
[EndTime "10:16:51 PDT"]
[Termination "nurgyulsalimova won on time"]

1. d4 e6 2. c4 b6 3. Nc3 Bb7 4. e4 Bb4 5. d5 Qe7 6. Be2 Nf6 7. Qc2 exd5 8. exd5 O-O 9. a3 Bxc3+ 10. Qxc3 c6 11. Bg5 cxd5 12. Bxf6 Qxf6 13. Qxf6 gxf6 14.
Bf3 Re8+ 15. Kd2 Na6 16. b4 Re5 17. Re1 Rxe1 18. Kxe1 Re8+ 19. Kd2 Nc7 20. Ne2 Bc6 21. Rc1 dxc4 22. Bxc6 dxc6 23. Rxc4 Re6 24. Nd4 Rd6 25.
Kc2 Nb5 26. Nxb5 cxb5 27. Rc7 a5 28. Rb7 a4 29. g3 Kg7 30. h4 Kg6 31. Kc3 h5 32.
Kc2 f5 33. f4 Kf6 34. Rb8 Ke6 35. Rh8 Kd5 36. Rxh5 Ke4 37. Rh7 Rc6+ 38. Kd2 Rg6 39.
Rxf7 Rxg3 40. Re7+ Kxf4 0-1

[Event "*** Titled Tuesday Blitz"]
[Site "Chess.com"]
[Date "2021.03.16"]
[Round "2"]
[White "vanImpe"]
[Black "JiiHart"]
[Result "1-0"]
[WhiteElo "2415"]
[BlackElo "2060"]
[TimeControl "180+1"]
[EndTime "10:16:51 PDT"]
[Termination "vanImpe won on time"]

1. g3 g6 2. Bg2 Bg7 3. d4 d6 4. e4 Nd7 5. Ne2 e5 6. O-O Ne7 7. c4 O-O 8. Nbc3 f5 9. dxe5 Nxe5 10. f4 Nxc4 11. Qb3 Be6 12. exf5 gxf5 13. Be3 Qd7 14.
Bd4 Bxd4+ 15. Nxd4 Bf7 16. Rfe1 Ne3 17. Qxb7 Rab8 18.
Qf3 Nxg2 19. Qxg2 c5 20. Nf3 Nc6 21. Rad1 Rfe8 22. Rxe8+ Rxe8 23. Qd2 d5 24. Nxd5 Bxd5 25. Qxd5+ Qxd5 26. Rxd5 Nd4 27. Nxd4 cxd4 28. Kf2 Re4 29. Rxf5 d3 30. Re5 Rb4 31. b3 Rd4 32. Ke1 Kf7 33. Kd2 Rd6 34. Re3 Ra6 35. a4 1-0

[Event "*** Titled Tuesday Blitz"]
[Site "Chess.com"]
[Date "2021.03.16"]
[Round "2"]
[White "MagzyPotato"]
[Black "Koksik_13"]
[Result "1-0"]
[WhiteElo "2370"]
[BlackElo "2670"]
[TimeControl "180+1"]
[EndTime "10:16:55 PDT"]
[Termination "MagzyPotato won on time"]

1. d4 e6 2. e4 d5 3. Nc3 Bb4 4.
e5 c5 5. a3 Bxc3+ 6. bxc3 Ne7 7.
h4 b6 8. h5 h6 9. Rb1 Ba6 10.
Qg4 Bxf1 11. Kxf1 Qc7 12. dxc5 Qxc5 13. Ne2 Rg8 14. a4 Nbc6 15. Qf4 Rc8 16. Rh3 Na5 17.
Rf3 Rf8 18. Qg4 Nf5 19. Kg1 Nc4 20. Bf4 Na3 21. Rc1 Nc4 22. Ng3 Nxg3 23. Qxg3 Ke7 24.
Qxg7 Qa3 25. Bxh6 Qb2 26. Bg5+ Ke8 27. h6 1-0

[Event "*** Titled Tuesday Blitz"]
[Site "Chess.com"]
[Date "2021.03.16"]
[Round "2"]
[White "Shuvalov"]
[Black "Darius321"]
[Result "1-0"]
[WhiteElo "2491"]
[BlackElo "2266"]
[TimeControl "180+1"]
[EndTime "10:16:55 PDT"]
[Termination "Shuvalov won by resignation"]

1. Nf3 d5 2. c4 dxc4 3. e3 Nf6 4.
Bxc4 c5 5. d4 cxd4 6. exd4 e6 7.
O-O Be7 8. Nc3 O-O 9. Re1 Nc6 10. a3 b6 11. Bg5 Bb7 12. Qd3 Nd5 13. Bd2 Na5 14.
Ba2 Bf6 15. Rad1 Nxc3 16. Bxc3 Bd5 17. Bb1 g6 18. Ne5 Rc8 19. Re3 Nc4 20. Rh3 Nxe5 21.
dxe5 Bg7 22. Qd4 Qg5 23. Rg3 Qh5 24. Bc2 Rfd8 25. Qe3 Bh6 26. Qe1 Bf4 27. Rh3 Qg5 28.
g3 Qg4 29. Rh4 Qf3 30. Rxd5 Rxd5 31. Rxf4 Qh5 32. Kg2 Rcd8 33. Bb3 Rd3 34. Bc4 Rd1 35. Qe3 Rb1 36. Be2 Qh6 37. Rd4 Qxe3 38. Rxd8+ Kg7 39.
fxe3 1-0

[Event "*** Titled Tuesday Blitz"]
[Site "Chess.com"]
[Date "2021.03.16"]
[Round "2"]
[White "GigaQuparadze"]
[Black "IwkooO"]
[Result "1-0"]
[WhiteElo "2956"]
[BlackElo "2613"]
[TimeControl "180+1"]
[EndTime "10:16:57 PDT"]
[Termination "GigaQuparadze won by resignation"]

1. e4 c5 2. Nf3 e6 3. Nc3 Nc6 4. d4 cxd4 5. Nxd4 a6 6. Nxc6 bxc6 7. e5 Qc7 8. Qe2 Ne7 9. g3 Ng6 10. f4 Bc5 11. Ne4 Be7 12. h4 f5 13. exf6 gxf6 14.
h5 Nf8 15. Bd2 d5 16. Nf2 a5 17. Bc3 Ba6 18. Qe3 Bxf1 19. Kxf1 c5 20. Qf3 Rb8 21.
b3 c4 22. Kg2 Rg8 23. Rhe1 Rc8 24. Bd4 Qc6 25. Ng4 Nd7 26. Re2 Qa6 27. Rae1 Rc6 28.
Nh6 Rf8 29. Nf5 Kf7 30. Nxe7 Kxe7 31. Qxd5 Rd6 32. Qe4 cxb3 33. cxb3 Qb5 34. Bf2 Qxh5 35. Rh1 Qd5 36. Rxh7+ Rf7 37. Qxd5 Rxd5 38. Rh8 e5 39. Ra8 Rg7 40. Be1 Kf7 41. fxe5 Nxe5 42. Rxa5 Rd3 43. Ra7+ Nd7 44. Rd2 Rgxg3+ 45. Bxg3 Rxd2+ 46. Kf3 Ke6 47. Bf4 Rb2 48. Ke3 Nc5 49. Kd4 Rc2 50. Ra5 Nd7 51.
a4 Nb6 52. Ra6 Rc6 53. a5 Kf5 54. Rxb6 1-0

[Event "*** Titled Tuesday Blitz"]
[Site "Chess.com"]
[Date "2021.03.16"]
[Round "2"]
[White "Orest_Vovk"]
[Black "kubal123"]
[Result "1-0"]
[WhiteElo "2481"]
[BlackElo "2257"]
[TimeControl "180+1"]
[EndTime "10:16:57 PDT"]
[Termination "Orest_Vovk won on time"]

1. d4 Nf6 2. Nf3 d6 3. Bg5 Nbd7 4. Nbd2 g6 5. e3 Bg7 6. Bd3 O-O 7. O-O c5 8. c3 b6 9. Qe2 Bb7 10. a4 Qc7 11. e4 e5 12. d5 h6 13. Bxf6 Nxf6 14. Ba6 Bxa6 15. Qxa6 Nh5 16. a5 Qb8 17. axb6 axb6 18.
Qxa8 Qxa8 19. Rxa8 Rxa8 20. Nc4 Bf8 21. Nxb6 Ra2 22.
Rb1 Nf4 23. g3 Nd3 24. Nc4 f5 25. exf5 gxf5 26. Nh4 f4 27. Nf5 f3 28. Nfxd6 Nxb2 29. Nxb2 Bxd6 30. Nc4 Bf8 31. d6 Kf7 32. Nxe5+ Ke6 33.
Nxf3 Bxd6 34. c4 Rc2 35. Re1+ Kf6 36. Re4 Rc3 37. Kg2 Bc7 38. Rh4 Kg6 39. h3 Bd6 40.
Rg4+ Kf6 41. Nh4 1-0

[Event "*** Titled Tuesday Blitz"]
[Site "Chess.com"]
[Date "2021.03.16"]
[Round "2"]
[White "IAgrest"]
[Black "AvitalBor"]
[Result "0-1"]
[WhiteElo "2295"]
[BlackElo "2652"]
[TimeControl "180+1"]
[EndTime "10:16:59 PDT"]
[Termination "AvitalBor won by resignation"]

1. e4 c5 2. Nf3 d6 3. d4 cxd4 4. Nxd4 Nf6 5. Nc3 a6 6. Bg5 Nbd7 7. Qe2 h6 8. Bh4 e6 9. O-O-O Be7 10. f4 Qc7 11.
Bf2 b5 12. a3 Bb7 13. Kb1 Rc8 14. Rg1 Nc5 15. e5 dxe5 16. fxe5 Nfe4 17. Nxe4 Nxe4 18. Be1 O-O 19. g4 Rfd8 20. Bg2 Qxe5 21. Bg3 Nc3+ 22. bxc3 Qxe2 23. Nxe2 Rxd1+ 24. Rxd1 Bxg2 25. Rd7 Bxa3 26. Be5 Bf3 27. Ng3 Bxg4 28. Ra7 f6 29. Bd4 e5 30. Bb6 Rxc3 31. Rxa6 b4 32. Ne4 Rc6 33. Ra8+ Kh7 34. Be3 Bf5 35. Ng3 Bxc2+ 36. Ka2 Bd3 0-1

[Event "*** Titled Tuesday Blitz"]
[Site "Chess.com"]
[Date "2021.03.16"]
[Round "2"]
[White "Andrakhanova"]
[Black "mbachez"]
[Result "0-1"]
[WhiteElo "2255"]
[BlackElo "2480"]
[TimeControl "180+1"]
[EndTime "10:17:00 PDT"]
[Termination "mbachez won on time"]

1. c4 e5 2. g3 Nf6 3. Bg2 Bc5 4. e3 O-O 5. Ne2 Re8 6. Nbc3 d6 7. O-O c6 8. b3 Bb6 9. d4 e4 10. d5 Na6 11. dxc6 bxc6 12. Bb2 Nc5 13. Rb1 Bf5 14. h3 h5 15. Nd4 Bd7 16. b4 Nd3 17. Ba1 d5 18.
cxd5 cxd5 19. Na4 Bc7 20. Nc5 Nxc5 21. bxc5 Qc8 22. Kh2 h4 23. Nb5 Bxb5 24. Rxb5 Qa6 25. a4 Rad8 26. Bd4 Qe6 27. Bxf6 Qxf6 28. Qg4 d4 29.
exd4 Rxd4 30. Rb7 Bb8 31. f4 exf3 32. Rxf3 hxg3+ 33. Kh1 Re1+ 34. Bf1 Rxf1+ 35. Kg2 Rf2+ 0-1

[Event "*** Titled Tuesday Blitz"]
[Site "Chess.com"]
[Date "2021.03.16"]
[Round "2"]
[White "dpopadic"]
[Black "AttilaTurzo"]
[Result "1/2-1/2"]
[WhiteElo "2324"]
[BlackElo "2560"]
[TimeControl "180+1"]
[EndTime "10:17:01 PDT"]
[Termination "Game drawn by repetition"]

1. e4 c5 2. Nc3 Nc6 3. f4 g6 4.
Nf3 Bg7 5. Bc4 e6 6. f5 Nge7 7. fxe6 dxe6 8. d3 O-O 9. O-O Na5 10. Bb3 Nxb3 11. axb3 e5 12. Qe1 f6 13. Qh4 Be6 14. Bh6 Nc6 15. Rf2 Nd4 16. Raf1 Rf7 17. h3 Qd7 18. Bxg7 Kxg7 19. Nd1 Raf8 20. Ne3 h5 21. Kh1 a5 22. Qg3 Kh7 23. Nh4 g5 24. Nhf5 h4 25. Qg4 Bxf5 26. Qh5+ Kg8 27. Nxf5 Nxf5 28. Rxf5 Qe7 29. Qe2 b6 30. Qf2 Kg7 31. Qe2 Rh8 32. R1f2 Rh6 33. Qf1 Rf8 34. R2f3 Rg6 35.
Rf2 Ra8 36. Qe2 a4 37. bxa4 Rxa4 38. b3 Ra2 39. Kh2 Qd6 40. Qf3 Ra1 41. Qg4 Re1 42.
R5f3 Ra1 43. Qc8 Ra7 44. Rf1 Qd7 45. Qb8 Qc7 46. Qe8 Qd7 47. Qb8 Rb7 48. Qa8 Ra7 49.
Qb8 1/2-1/2

[Event "*** Titled Tuesday Blitz"]
[Site "Chess.com"]
[Date "2021.03.16"]
[Round "2"]
[White "bazar-wokzal"]
[Black "Alexander_Moskalenko"]
[Result "0-1"]
[WhiteElo "2499"]
[BlackElo "2762"]
[TimeControl "180+1"]
[EndTime "10:17:04 PDT"]
[Termination "Alexander_Moskalenko won on time"]

1. e4 c6 2. d4 d5 3. e5 Bf5 4. Nc3 e6 5. g4 Bg6 6. Nge2 Ne7 7.
Be3 h5 8. Nf4 hxg4 9. Nxg6 Nxg6 10. Qxg4 Qh4 11. Qg3 Bb4 12. O-O-O Nd7 13. Bd3 Bxc3 14.
bxc3 O-O-O 15. Bxg6 fxg6 16. Qxg6 Rde8 17. Qxg7 Rhg8 18.
Qh6 Qe7 19. Rdg1 Rh8 20. Qg6 Qa3+ 21. Kd2 Nb6 22. Qd3 Nc4+ 23. Ke2 Nb2 24. Qg6 Qa6+ 25. Ke1 Qxa2 26. h4 Nc4 27. h5 Qa1+ 28. Ke2 Qxc3 29.
h6 a5 30. h7 Nxe3 31. fxe3 a4 32. Kd1 Qxe3 33. Qxe8+ Rxe8 34. Rg8 Qxd4+ 35. Kc1 Qa1+ 36. Kd2 Qd4+ 37. Kc1 Qf4+ 38. Kb1 Qb4+ 39. Ka2 a3 0-1